Map: Blackpink LE

Players

Pain - Winner!

  • Race: Terran Terran
  • Spawn Location: 1:00

A.I. 1 (Easy)

  • Race: Protoss Protoss
  • Spawn Location: 7:00

VOD

Have the link to the VOD?

Description

Time

  • Played on: March 7, 2018, 5:20 p.m.
  • Length: 22:30
Show
View Real Time Build Order
Export as new Build Order

Pain Terran - Winner!

Build Orders:  

Get SALT Encoding   

  12  0:10  SCV  
  13  0:22  SCV  
  13  0:25  Supply Depot  
  14  0:34  SCV  
  15  0:46  SCV  
  16  0:56  Barracks  
  16  0:58  SCV  
  17  1:10  SCV  
  18  1:22  SCV  
  19  1:34  Engineering Bay, SCV  
  20  1:42  Supply Depot  
  20  1:47  SCV  
  21  1:49  Supply Depot  
  21  1:55  Marine  
  21  1:59  SCV  
  22  2:13  Marine  
  22  2:15  Refinery  
  23  2:22  Supply Depot  
  23  2:30  Marine  
  23  2:33  Missile Turret  
  24  2:48  Marine  
  24  2:50  SCV  
  26  3:06  Marine  
  26  3:09  Supply Depot  
  27  3:20  Barracks  
  27  3:24  Marine  
  27  3:26  Factory  
  28  3:42  Marine  
  29  3:59  Marine  
  30  4:17  Marine  
  31  4:35  Marine  
  32  4:51  Command Center  
  32  4:53  Marine  
  33  5:11  Marine  
  33  5:28  Terran Infantry Weapons Level 1  
  33  5:29  Marine  
  34  5:46  Orbital Command, Marine  
  35  6:04  Marine  
  25  6:47  Marine  
  24  7:01  SCV  
  24  7:05  Marine  
  25  7:13  SCV  
  26  7:22  Terran Infantry Armor Level 1  
  27  7:23  Marine  
  27  7:25  SCV  
  27  7:29  Barracks Reactor  
  28  7:37  SCV  
  28  7:41  Marine  
  28  7:43  Supply Depot  
  30  7:49  SCV  
  31  7:59  Marine  
  31  8:01  SCV  
  33  8:09  Refinery  
  33  8:13  Factory Tech Lab, SCV  
  33  8:15  Marine x2  
  33  8:16  Marine  
  37  8:26  SCV  
  38  8:33  Marine x2  
  40  8:34  Marine  
  40  8:38  SCV  
  40  8:39  Missile Turret  
  42  8:45  Siege Tank  
  45  8:50  SCV  
  45  8:51  Marine x2  
  45  8:52  Marine  
  49  8:56  Refinery  
  49  9:02  SCV  
  50  9:09  Marine x2  
  52  9:10  Marine  
  52  9:14  SCV  
  54  9:17  Siege Tank  
  57  9:27  Marine x2  
  57  9:28  Marine  
  60  9:44  Marine x2  
  62  9:46  Marine  
  62  9:49  Siege Tank  
  62  9:52  SCV  
  67  10:02  Marine x2  
  67  10:03  Marine  
  67  10:04  SCV  
  71  10:16  SCV, Starport  
  71  10:20  Armory  
  72  10:21  Marine, Siege Tank  
  76  10:28  SCV  
  77  10:39  Marine  
  78  10:45  Missile Turret  
  78  10:55  SCV  
  77  10:57  Marine  
  76  11:06  Siege Tank  
  76  11:10  Command Center  
  77  11:15  Marine  
  78  11:40  Starport Tech Lab  
  78  11:59  Medivac, Marine  
  81  12:09  Orbital Command  
  77  12:29  Medivac  
  78  12:53  Terran Infantry Weapons Level 2  
  78  12:59  Medivac  
  64  15:02  Supply Depot, SCV  
  64  15:09  Terran Infantry Armor Level 2  
  64  15:14  SCV  
  64  15:17  Refinery  
  64  15:18  Starport Reactor  
  65  15:22  Marine x3  
  65  15:26  SCV  
  69  15:38  Terran Vehicle Weapons Level 1  
  69  15:39  SCV  
  69  15:40  Marine x3  
  73  15:51  SCV  
  74  15:58  Marine  
  75  16:19  SCV  
  75  16:22  Liberator x2  
  73  16:31  SCV  
  74  16:33  Marine x2  
  82  16:43  SCV  
  83  16:51  Marine x2  
  85  16:55  SCV  
  86  17:05  Liberator x2  
  86  17:08  Widow Mine, Marine, SCV  
  89  17:09  Marine  
  97  17:24  Starport  
  97  17:25  Terran Infantry Weapons Level 3  
  97  17:26  Marine x2  
  101  17:30  Widow Mine  
  101  17:32  Terran Vehicle And Ship Armor Level 1  
  101  17:44  Marine x2  
  101  17:47  Liberator  
  101  17:48  Liberator  
  105  17:51  Widow Mine  
  105  18:04  Medivac  
  115  18:13  Widow Mine  
  114  18:27  Refinery  
  114  18:30  Liberator x2  
  115  18:34  Medivac, Widow Mine  
  103  18:47  Liberator  
  98  19:13  Liberator x2  
  98  19:14  Widow Mine  
  100  19:18  Marine x3  
  100  19:23  Command Center  
  103  19:27  Terran Ship Weapons Level 1  
  103  19:30  Liberator  
  109  19:34  Supply Depot  
  109  19:36  Supply Depot, Widow Mine, Marine x3  
  117  19:53  Marine  
  117  19:55  Marine x2  
  117  19:56  Liberator x2  
  117  19:57  Widow Mine  
  117  19:59  Supply Depot  
  122  20:11  Marine  
  122  20:13  Marine x2, Liberator  
  131  20:18  Widow Mine  
  133  20:23  Supply Depot  
  133  20:31  Marine  
  137  20:39  Liberator x2  
  137  20:40  Widow Mine  
  139  20:53  Marine x3  
  139  20:56  Liberator  
  148  21:08  Widow Mine  
  150  21:11  Marine x3  
  156  21:29  Widow Mine, Marine x3  
  161  21:47  Marine x3  
  161  21:50  Widow Mine  
  152  22:05  Marine  
Show
View Real Time Build Order
Export as new Build Order

A.I. 1 (Easy) Protoss 

Build Orders:  

Get SALT Encoding   

  12  0:00  Probe  
  13  0:13  Probe  
  14  0:20  Pylon  
  14  0:25  Probe  
  15  0:34  Probe  
  16  0:44  Assimilator  
  16  0:50  Gateway  
  16  0:53  Pylon  
  16  1:18  Assimilator  
  16  1:30  Zealot  
  18  1:43  Cybernetics Core  
  18  1:46  Probe  
  19  1:59  Pylon, Probe  
  19  2:07  Probe  
  20  2:09  Warp Gate  
  21  2:16  Probe  
  21  2:20  Adept  
  24  2:28  Probe  
  25  2:40  Probe  
  26  2:47  Stalker  
  28  3:17  Adept  
  30  5:34  Probe  
  30  5:35  Stalker  
  30  5:37  Pylon  
  33  5:52  Probe  
  34  5:57  Robotics Facility, Stalker  
  34  6:02  Pylon  
  34  6:03  Probe  
  37  6:12  Probe  
  38  6:20  Stalker  
  38  6:41  Nexus  
  38  6:42  Zealot  
  38  6:46  Observer  
  37  7:02  Observer  
  37  7:04  Adept  
  38  7:25  Sentry  
  40  7:48  Stalker  
  42  7:53  Probe  
  42  7:57  Probe  
  44  8:03  Assimilator  
  44  8:05  Assimilator, Probe  
  45  8:08  Probe  
  46  8:16  Probe  
  46  8:17  Probe  
  47  8:26  Probe  
  48  8:29  Probe  
  50  8:38  Probe  
  51  8:41  Probe  
  51  8:47  Observer  
  52  8:49  Probe  
  52  8:50  Probe  
  54  8:59  Probe  
  54  9:03  Probe  
  56  9:10  Probe  
  56  9:12  Probe  
  58  9:20  Probe  
  58  9:23  Probe  
  59  9:29  Probe  
  61  10:13  Warp Prism  
  61  10:20  Zealot  
  65  10:22  Gateway  
  65  10:23  Forge  
  65  10:26  Robotics Bay  
  65  10:28  Stargate  
  65  10:31  Pylon  
  65  10:36  Protoss Ground Weapons Level 1  
  65  10:37  Warp Prism  
  67  10:53  Pylon  
  65  11:09  Zealot  
  65  11:11  Observer  
  55  11:13  Gateway  
  55  11:14  Observer Gravitic Boosters  
  55  11:25  Stalker  
  55  11:32  Observer  
  58  11:42  Sentry  
  60  11:58  Stalker  
  62  12:06  Void Ray  
  62  12:11  Gravitic Drive  
  60  12:19  Pylon  
  56  12:25  Probe  
  45  12:30  Protoss Ground Armor Level 1, Stalker  
  47  12:37  Probe  
  34  12:44  Zealot  
  34  12:49  Probe  
  37  12:58  Void Ray  
  37  13:01  Probe  
  36  13:13  Zealot, Probe  
  36  13:18  Immortal  
  39  13:25  Probe  
  42  13:37  Probe  
  42  13:39  Nexus  
  42  13:42  Pylon, Stalker  
  43  13:50  Probe  
  40  13:56  Void Ray  
  40  13:57  Protoss Air Weapons Level 1  
  40  14:00  Nexus  
  40  14:02  Probe  
  45  14:09  Sentry  
  46  14:11  Nexus  
  46  14:14  Probe  
  46  14:15  Twilight Council  
  43  14:22  Zealot  
  41  14:24  Assimilator  
  41  14:26  Probe  
  41  14:27  Pylon  
  41  14:30  Assimilator  
  39  14:35  Stalker  
  39  14:38  Probe  
  42  14:39  Fleet Beacon  
  42  14:48  Stalker  
  42  14:50  Probe  
  43  14:53  Protoss Ground Weapons Level 2  
  41  15:01  Stalker  
  41  15:02  Probe  
  44  15:12  Nexus  
  44  15:13  Stalker  
  46  15:14  Probe x2  
  48  15:22  Protoss Air Armor Level 1  
  48  15:23  Probe  
  48  15:26  Zealot, Probe  
  52  15:31  Probe  
  53  15:38  Probe  
  53  15:39  Stalker  
  56  15:43  Probe  
  57  15:50  Probe  
  57  15:52  Zealot  
  57  15:55  Probe  
  61  16:03  Probe  
  62  16:05  Tempest  
  62  16:08  Probe  
  69  16:15  Probe  
  70  16:20  Probe  
  71  16:27  Probe  
  71  16:28  Probe  
  71  16:32  Probe  
  70  16:38  Protoss Ground Armor Level 2  
  70  16:39  Probe  
  71  16:41  Probe  
  71  16:43  Tempest  
  71  16:45  Probe  
  73  16:51  Probe  
  73  16:54  Probe  
  81  16:58  Probe  
  82  17:03  Probe  
  82  17:07  Probe  
  84  17:15  Assimilator  
  84  17:17  Assimilator  
  84  17:38  Probe  
  85  17:51  Sentry  
  87  18:02  Sentry  
  89  18:40  Stalker  
  79  18:52  Stalker  
  65  19:03  Stalker  
  65  19:04  Observer  
  67  19:15  Stalker  
  69  19:26  Zealot  
  71  19:38  Zealot  
  73  20:53  Nexus  
  73  21:27  Stalker  
  70  21:41  Zealot  
  69  21:50  Sentry  
  62  21:56  Nexus  
  62  21:59  Observer  
  62  22:00  Sentry  
  52  22:02  Probe  
  52  22:08  Probe  
  45  22:09  Sentry  
  45  22:12  Probe  
  37  22:18  Assimilator, Stalker  
  37  22:20  Assimilator  
Tags
 
Matchup
PvT
Replay Pack
RP
Spawn Locations
Cross Positions
Add a new tag
Caveats
  • Supply blocks, unpowered buildings, or Contaminate may cause inaccurate times.
  • Supply counts are checked every 10 seconds.